ullux, chaotic female elven Wizard --- --- --.---.-- |....... --......-- -- |........--- --.--....?.....---- |...... ..........-- -- -....---.....G....-- .---- -- -.....@......................| ---.---.s(.........^.........-- |<).|...[.......--- ...| --- |..-|...d...).--- --- |.[|--.....D.-| ---- --......)| ............--.- ----------.---|... ..| ---... --- .... -.--- -- ullux the Thaumaturge Experience level: 6 Strength: 12 Dexterity: 17 Constitution: 11 Intelligence: 20 Wisdom: 9 Charisma: 8 Health: 0(41) Energy: 52(61) Def: 4 Gold: 189 Moves: 2452 Dungeon seed: VIcL2reQvVx6uHSN Game ID: ullux_1468233107 Your Inventory: Coins $ - 189 gold pieces Weapons a - a blessed +1 quarterstaff (weapon in hands) s - a +0 knife Armor e - a blessed +0 cloak of magic resistance (being worn) n - an uncursed +0 orcish helm (being worn) q - an uncursed +0 pair of iron shoes (being worn) Comestibles x - an uncursed partly eaten food ration M - 2 uncursed apples V - an uncursed food ration X - an uncursed fortune cookie Rings c - an uncursed ring of slow digestion (on left hand) Wands b - a wand of digging (0:3) Tools l - a cursed skeleton key o - an uncursed bugle p - an uncursed mirror B - 5 blessed tallow candles (0:200) D - 5 blessed wax candles (0:400) J - 2 uncursed wax candles (0:400) N - an uncursed blindfold P - a +0 pick-axe Gems r - an uncursed citrine stone Spells and supernatural/magical abilities: Name Level Category Fail Memory a - force bolt 1 attack 3% 88% c - cause fear 3 enchantment 8% 88% s - slow monster 2 enchantment 3% 92% B - cure blindness 2 healing 58% 89% L - levitation 4 escape 99% 96% S - stone to flesh 3 healing 81% 96% W - pray for help -- divine ? -- Your skills at the end: Fighting Skills Weapon Skills quarterstaff [Basic] Spellcasting Skills attack spells [Basic] enchantment spells [Basic] Final Attributes: You were piously aligned. You were sleep resistant. You were magic-protected. You had infravision. You had slower digestion. You are dead. Vanquished creatures: a ghost a gnome king a dwarf mummy a dog a dwarf lord a plains centaur a water nymph 4 Uruk-hai an orc shaman 2 gnome lords 3 gnomish wizards a floating eye 6 dwarves a kobold lord 2 orc zombies 2 dwarf zombies a werejackal 2 coyotes a gas spore 2 hobbits a large kobold a giant rat 20 gnomes a gnome zombie 3 geckos 4 jackals a kobold 2 sewer rats 8 grid bugs 3 lichens 3 kobold zombies a newt 83 creatures vanquished. Voluntary challenges: You used a wielded weapon 80 times, starting on turn 79. You read items or engraved 21 times, starting on turn 89. You never genocided any monsters. You never polymorphed an object. You never changed form. You used no wishes. You never split a pudding. You never wrote Elbereth's name. You never violated your personal moral code. Dungeon overview: The Dungeons of Doom: levels 1 to 3 Level 1 a fountain a long staircase Level 2 Level 3 some fountains stairs to The Gnomish Mines The Gnomish Mines: levels 4 to 8 Level 4 stairs to The Dungeons of Doom Level 5 Level 6 Level 7 many shops, a temple to Anhur, some fountains Level 8 <- You were here History has recorded: On T:1 you entered the Dungeons of Doom to retrieve the Amulet of Yendor! On T:276 you reached level 2 of The Dungeons of Doom. On T:317 you advanced to experience level 2. On T:636 you reached level 3 of The Dungeons of Doom. On T:652 you advanced to experience level 3. On T:1077 you reached level 1 of The Gnomish Mines. On T:1105 you advanced to experience level 4. On T:1152 you reached level 2 of The Gnomish Mines. On T:1297 you advanced to experience level 5. On T:1303 you reached level 3 of The Gnomish Mines. On T:1454 you reached level 4 of The Gnomish Mines. On T:1710 you advanced to experience level 6. On T:2404 you reached level 5 of The Gnomish Mines. Score breakdown: Gold: 189 ( 7751 points) Experience: 6 levels (12456 points) Exploration: 8 levels ( 16.33%) (11456 points) Discoveries: 11 items ( 3.97%) ( 5978 points) Valuables value: (no points given unless you survive) Artifact value: 0 ( 0 points) Variety of kills: 32 monsters ( 8.40%) ( 8694 points) Turncount: 2452 turns ( -301 points) Survival: died (score multiplied by 80%) Total score: 36827 Latest messages: The dwarf swings his broad pick at Luna Bear. The dwarf hits Luna Bear. You kill the dwarf! You hit the gnome. You kill the gnome! There are several objects here. r - a yellow gem. Luna Bear drops a thonged club. You see here an arrow. Luna Bear picks up a thonged club. You see here an arrow. An arrow shoots out at you! You are hit by an arrow. Pick an object. Never mind. Luna Bear drops a thonged club. The giant spider bites! You miss the giant spider. The giant spider bites! (2x) You die... Final status: Goodbye ullux the Wizard, killed by a giant spider... You died in The Gnomish Mines on dungeon level 8 with 36827 points, and 189 pieces of gold, after 2452 moves. You were level 6 with a maximum of 41 hit points when you died.